 Bloatcrawl 2 version 0.50.1-497-g763ebf1 (webtiles) character file.

Game seed: 8455527246301929220, levelgen mode: deterministic

150753 Dorkslayer the Brawler (level 16, 0/111 HPs)
             Began as a Flan Fighter on Dec 2, 2020.
             Was a High Priest of the Shining One.
             Slain by a snapping turtle (3 damage)
             ... on level 3 of the Shoals.
             The game lasted 01:40:48 (24769 turns).

Dorkslayer the Brawler (Flan Fighter)              Turns: 24769, Time: 01:40:49

Health: 0/111      AC: 18    Str: 27    XL:     16   Next: 99%
Magic:  25/25      EV: 12    Int: 12    God:    the Shining One [*****.]
Gold:   2200       SH: 34    Dex: 15    Spells: 15/15 levels left Game modifiers: x1.5 XP

rFire   . . .      SeeInvis .      - Unarmed
rCold   . . .      Gourm    .    l - +1 tower shield
rNeg    + + .      Faith    .    u - +3 plate armour {rPois}
rPois   +          Spirit   .    (helmet unavailable)
rElec   .          Reflect  +    (cloak unavailable)
rCorr   .          Harm     .    (gloves unavailable)
MR      ++...                    (boots unavailable)
Stlth   ..........               c - amulet "Yteimyiw" {Reflect Str+2 SH+3}
HPRegen 0.28/turn                J - ring of protection from magic
MPRegen 0.19/turn                N - ring of flight

@: divine shield, about to teleport, barbed spikes, glowing
A: hooves 1, rugged brown scales 1, high mp 1, shapeless body, corrosive skin
a: Divine Shield, Cleansing Flame, Summon Divine Warrior, Renounce Religion,
Evoke Flight


You were on level 3 of the Shoals.
You worshipped the Shining One.
The Shining One was extremely pleased with you.
You were not hungry.

You visited 5 branches of the dungeon, and saw 25 of its levels.
You also visited: Ossuary and Bailey.

You collected 3552 gold pieces.
You spent 1323 gold pieces at shops.
You donated 29 gold pieces to Zin.

Inventory:

Missiles
 o - 3 boomerangs of dispersal
 z - 20 javelins
 B - 3 silver boomerangs
 D - 7 curare-tipped darts (quivered)
 E - 54 boomerangs
 O - 3 throwing nets
Armour
 l - a +1 tower shield (worn)
 u - a +3 plate armour of poison resistance (worn)
Jewellery
 c - the amulet "Yteimyiw" (around neck) {Reflect Str+2 SH+3}
   (You found it on level 4 of the Lair of Beasts)

   [amulet of reflection]

   It shields you and reflects attacks.
   It affects your strength (+2).
   It affects your SH (+3).
 y - a +4 ring of dexterity
 J - a ring of protection from magic (left hand)
 N - a ring of flight (right hand)
Wands
 b - a wand of iceblast (5)
 f - a wand of acid (2)
 k - a wand of digging (10)
 p - a wand of enslavement (9)
 x - a wand of polymorph (6)
 I - a wand of paralysis (7)
Scrolls
 e - 5 scrolls of fog
 h - 5 scrolls of amnesia
 i - 11 scrolls of remove curse
 q - 6 scrolls of enchant weapon
 v - a scroll of fear
 A - 3 scrolls of teleportation
 C - a scroll of summoning
 L - 3 scrolls of immolation
 Q - a scroll of brand weapon
 R - 2 scrolls of identify
Potions
 a - 3 potions of mutation
 j - 3 potions of might
 m - 2 potions of curing
 s - 4 potions of cancellation
 t - 3 potions of berserk rage
 F - 4 potions of brilliance
 G - 3 potions of stabbing
 H - 2 potions of resistance
 M - 5 potions of flight
Miscellaneous
 g - a phial of floods
 P - a box of beasts
Comestibles
 d - 35 rations


   Skills:
 * Level 9.0 Fighting
 + Level 4.7 Throwing
 * Level 8.9 Armour
 * Level 6.8 Dodging
 + Level 0.4 Stealth
 * Level 12.3 Shields
 * Level 16.5 Unarmed Combat
 * Level 9.9 Invocations
 * Level 7.8 Evocations


You had 15 spell levels left.
You didn't know any spells.
Your spell library contained the following spells:

 Spells                   Type           Power        Failure   Level  Hunger
 Beastly Appendage        Tmut           #.....       96%         1    ##.....
 Magic Dart               Conj           #...         96%         1    ##.....
 Sting                    Tmut/Pois      #...         96%         1    ##.....
 Blink                    Tloc           N/A          99%         2    ###....
 Call Imp                 Summ           #.......     99%         2    ###....
 Poisonous Vapours        Pois/Air       #.....       99%         2    ###....
 Searing Ray              Conj           #.....       99%         2    ###....
 Slow                     Hex            #.......     99%         2    ###....
 Sticks to Snakes         Tmut           #.......     99%         2    ###....
 Confusing Touch          Hex            #.......     100%        3    ####...
 Conjure Flame            Conj/Fire      #.......     100%        3    ####...
 Dazzling Flash           Conj/Hex       #.....       100%        3    ####...
 Gell's Gravitas          Tloc           #.........   100%        3    ####...
 Ignite Poison            Fire/Tmut/Pois #.......     100%        3    ####...
 Mephitic Cloud           Conj/Pois/Air  #.......     100%        3    ####...
 Spider Form              Tmut/Pois      #.........   100%        3    ####...
 Fulminant Prism          Conj/Hex       #.........   100%        4    #####..
 Ice Form                 Ice/Tmut       #.......     100%        4    #####..
 Iskenderun's Mystic Bla  Conj/Tloc      #.......     100%        4    #####..
 Olgreb's Toxic Radiance  Pois           #.......     100%        4    #####..
 Petrify                  Tmut/Erth      #.......     100%        4    #####..
 Summon Lightning Spire   Summ/Air       #.......     100%        4    #####..
 Blade Hands              Tmut           #.........   100%        5    ######.
 Metabolic Englaciation   Hex/Ice        #.........   100%        5    ######.
 Silence                  Hex/Air        #.........   100%        5    ######.
 Yara's Violent Unravell  Hex/Tmut       #.........   100%        5    ######.
 Conjure Ball Lightning   Conj/Air       #.........   100%        6    #######
 Haunt                    Necr/Summ      #.........   100%        7    #######
 Borgnjor's Revivificati  Necr           #.........   100%        8    #######
 Death's Door             Chrm/Necr      #.........   100%        8    #######
 Infestation              Necr           #.........   100%        8    #######
 Necromutation            Tmut/Necr      #.........   100%        8    #######
 Tornado                  Air            #.........   100%        9    #######


Dungeon Overview and Level Annotations

Branches:
Dungeon (13/15)            Temple (1/1) D:4            Lair (6/6) D:9
 Shoals (3/4) Lair:2        Snake (0/4) Lair:4        Slime (0/5) Lair:5
    Orc (2/2) D:10            Elf (0/3) Orc:2        Vaults (0/5) D:13
Ossuary (visited)          Bailey (visited)

Altars:
Cheibriados
Dithmenos
Fedhas
Kikubaaqudgha
Makhleb
Nemelex Xobeh
Okawaru
Ru
Sif Muna
Uskayaw
Vehumet
Wu Jian
Yredelemnul
Zin
The Shining One
Beogh
Jiyva

Shops:
D:8 =   D:13 *   Orc:2 }((:   Shoals:3 ?


Innate Abilities, Weirdness & Mutations

Your body adapts to match your armour (ER/2).
Your touch is corrosive.
You have large cloven feet.
You are partially covered in rugged brown scales. (AC +1, +3% HP)
You have an increased reservoir of magic. (+10% MP)


Message History

You block the sea snake's attack.
The manticore flicks its tail.
The volley of spikes hits you!
The barbed spikes become lodged in your body.
* * * LOW HITPOINT WARNING * * *
A snapping turtle comes into view.
Unknown command.
You feel better. You block the merfolk's attack.
The minotaur throws a javelin.
The javelin misses you.
The javelin barely misses the snapping turtle.
You block the merfolk's attack.
The satyr plays a rousing melody on his pipes!
You block the sea snake's attack.
The merfolk javelineer throws a javelin.
The javelin pierces through you!
* * * LOW HITPOINT WARNING * * *
The javelin pierces through the sea snake!!
The sea snake dies!
The snapping turtle bites you from afar.
You die...

≈≈≈≈≈...# ##.≈≈≈≈≈≈≈≈≈
≈≈≈..... #..≈≈≈≈≈≈≈≈≈≈
≈≈..... ##..≈m>..(≈≈≈≈
≈..≈≈.## #.[≈≈(....≈≈≈≈
≈....<.## #.≈≈≈.t#(.≈≈..
≈..≈≈...# ##.≈≈≈.§....).
≈≈≈≈≈≈..###..≈§≈§tc§c..$
≈≈≈≈.≈..[).≈≈§§§§§m####
≈≈≈≈..≈≈.)≈≈≈§§§@§§#
≈≈≈≈.≈≈≈≈≈≈≈§≈§§≈§§#
≈≈≈≈≈≈≈≈≈≈≈≈≈≈HHmm§#
≈≈≈≈≈≈≈≈≈≈≈≈≈≈≈Y.#§#
≈≈≈≈≈≈≈≈≈≈≈≈≈≈..####
≈≈≈≈≈≈≈≈≈≈≈≈(≈..#
≈≈≈≈≈≈≈≈≈≈≈≈≈≈t.
≈≈≈≈≈≈≈≈≈≈≈≈≈≈. ≈≈≈≈≈≈≈


You could see a minotaur, a merfolk javelineer, an elephant, a satyr, 2 snapping
turtles, 2 merfolk and a manticore.

Vanquished Creatures
  Nikola (Shoals:2)
  Kirke (D:11)
  The ghost of Vig Uhad the Grappler, a journeyman GrTm of Cheibriados (Lair:5)
  Snorg (Lair:5)
  The ghost of JamPaladin the Thaumaturge, a journeyman DrAn of Vehumet (Lair:4)
  A merfolk javelineer (Shoals:2)
  3 merfolk impalers
  7 hydras
  The ghost of Notta the Grappler, a novice PrSP of Jiyva (Lair:2)
  2 centaur warriors (D:13)
  2 merfolk aquamancers (Shoals:3)
  6 death yaks
  2 dancing weapons (D:13)
  2 two-headed ogres
  A tengu warrior (D:12)
  3 orc high priests (Orc:2)
  A deep elf knight (Bailey)
  4 unseen horrors
  7 sea snakes
  Pikel (D:4)
  4 harpies (Shoals:1)
  4 orc knights
  An ugly thing (D:13)
  5 orc sorcerers
  12 deep elf magi
  A faun (Shoals:2)
  A cyclops (D:12)
  6 manticores
  4 merfolk sirens
  5 elephants (Lair:5)
  5 black mambas
  10 spiny frogs
  3 komodo dragons
  3 rime drakes
  A tengu conjurer (D:12)
  12 merfolk
  6 polar bears
  4 meliai (Shoals:3)
  6 trolls
  4 wind drakes
  20 blink frogs
  5 hippogriffs
  A dream sheep (Lair:6)
  4 snapping turtles (Shoals:1)
  8 hornets
  3 water elementals
  3 wyverns
  A wraith (Ossuary)
  4 hogs (D:11)
  15 spriggans
  28 yaks
  Grum (D:10)
  4 vampire mosquitoes (Lair:5)
  3 basilisks
  3 hungry ghosts
  An insubstantial wisp (Lair:5)
  Edmund (D:4)
  7 wargs
  7 water moccasins
  2 nagas (Lair:4)
  A hydra simulacrum (Lair:5)
  A swamp drake (D:10)
  11 porcupines
  32 orc warriors
  A slave (D:4)
  2 sky beasts (D:10)
  4 black bears
  9 ogres
  3 necrophages
  3 phantoms
  3 boggarts (Lair:6)
  24 wolves
  5 centaurs
  11 crocodiles
  2 big kobolds
  13 bullfrogs
  4 wyvern zombies
  3 gnoll sergeants
  3 spiny frog simulacra (Lair:5)
  3 wyvern skeletons
  3 scorpions
  14 killer bees
  A blink frog simulacrum (Lair:5)
  10 wights
  An elephant simulacrum (Lair:5)
  An electric eel (Lair:3)
  3 centaur zombies
  A torpor snail simulacrum (Lair:5)
  7 crimson imps
  3 jellies
  A quasit (D:8)
  12 hounds
  A human zombie (Ossuary)
  18 orc priests
  6 bullfrog skeletons
  4 centaur skeletons
  30 orc wizards
  7 iguanas
  An iron imp (D:10)
  4 gnoll shamans
  8 worker ants
  A hound skeleton (D:9)
  3 mummies (Ossuary)
  2 howler monkey zombies
  A worker ant zombie (D:11)
  55 gnolls
  A howler monkey skeleton (D:10)
  17 adders
  2 shadow imps
  A white imp (D:10)
  An adder zombie (D:6)
  A worm (D:2)
  2 dart slugs
  5 leopard geckos
  110 orcs
  3 ball pythons
  9 giant cockroaches
  4 goblins
  10 hobgoblins
  22 jackals
  2 quokkas
  5 bats
  6 frilled lizards
  A goblin zombie (Ossuary)
  A hobgoblin zombie (Ossuary)
  14 kobolds
  5 kobold zombies (Ossuary)
  2 leopard gecko zombies (D:6)
  A quokka skeleton (D:9)
  5 rats
  3 bushes (Lair:6)
  5 fungi
  7 plants
847 creatures vanquished.

Vanquished Creatures (collateral kills)
  A satyr (Shoals:3)
  A merfolk (Shoals:3)
  3 water elementals (Shoals:3)
  A basilisk (Lair:2)
  3 centaurs (Lair:2)
  An orc (D:8)
10 creatures vanquished.

Vanquished Creatures (others)
  Nessos (D:12)
  A hydra (Lair:2)
  A sea snake (Shoals:3)
  An orc knight (Orc:2)
  3 centaurs
  2 killer bees (D:10)
  A worker ant (D:4)
  7 orcs
  A kobold (D:10)
  5 fungi
  12 plants
35 creatures vanquished.

Grand Total: 892 creatures vanquished

Notes
Turn   | Place    | Note
-------+----------+-------------------------------------------
     0 | D:1      | Dorkslayer the Flan Fighter began the quest for the Orb.
     0 | D:1      | Reached XP level 1. HP: 15/15 MP: 1/1
   284 | D:1      | Reached XP level 2. HP: 17/20 MP: 2/2
   763 | D:2      | Reached XP level 3. HP: 25/25 MP: 3/3
  1050 | D:2      | Found an ancient bone altar of Kikubaaqudgha.
  1070 | D:2      | Reached XP level 4. HP: 31/31 MP: 4/4
  1389 | D:2      | Reached skill level 3 in Unarmed Combat
  1394 | D:2      | Reached XP level 5. HP: 13/36 MP: 5/5
  1522 | D:2      | Found a glowing silver altar of Zin.
  1526 | D:2      | Became a worshipper of Zin the Law-Giver
  1526 | D:2      | Reached * piety under Zin
  1911 | D:3      | Found a faded altar of an unknown god.
  2197 | D:3      | Reached skill level 4 in Unarmed Combat
  2273 | D:3      | Reached XP level 6. HP: 42/42 MP: 6/6
  2426 | D:3      | Reached skill level 1 in Dodging
  2464 | D:3      | Reached skill level 1 in Invocations
  2464 | D:3      | Reached XP level 7. HP: 25/46 MP: 7/7
  2517 | D:3      | Reached ** piety under Zin
  2632 | D:3      | Reached skill level 5 in Unarmed Combat
  3184 | D:3      | Found a burning altar of Makhleb.
  3184 | D:3      | Noticed a balrug
  3216 | D:4      | Noticed Edmund
  3236 | D:4      | Killed Edmund
  3236 | D:4      | Reached skill level 5 in Shields
  3236 | D:4      | Reached XP level 8. HP: 30/52 MP: 9/9
  3383 | D:4      | Noticed Pikel
  3413 | D:4      | Killed Pikel
  3413 | D:4      | Reached skill level 6 in Unarmed Combat
  3413 | D:4      | Reached skill level 1 in Evocations
  3566 | D:4      | Found a radiant altar of Vehumet.
  3830 | D:4      | Found a staircase to the Ecumenical Temple.
  3840 | Temple   | Entered the Ecumenical Temple
  3871 | Temple   | Fell from the grace of Zin
  3871 | Temple   | Became a worshipper of the Shining One
  3871 | Temple   | Reached * piety under the Shining One
  3963 | D:4      | Reached XP level 9. HP: 51/58 MP: 11/11
  3997 | D:4      | Found a shimmering blue altar of Sif Muna.
  4169 | D:4      | Reached skill level 7 in Unarmed Combat
  4361 | D:5      | Entered Level 5 of the Dungeon
  4386 | D:5      | Found a sand-covered staircase.
  4400 | Ossuary  | Entered an ossuary
  4461 | Ossuary  | Reached ** piety under the Shining One
  4987 | D:5      | Gained mutation: You are dopey. (Int -2) [potion of
                  | mutation]
  4987 | D:5      | Gained mutation: You are weak. (Str -2) [potion of
                  | mutation]
  4987 | D:5      | Gained mutation: You are frail. (-10% HP) [potion of
                  | mutation]
  4987 | D:5      | Gained mutation: You are partially covered in rugged brown
                  | scales. (AC +1, +3% HP) [potion of mutation]
  4988 | D:5      | Lost mutation: You are dopey. (Int -2) [potion of mutation]
  4988 | D:5      | Lost mutation: You are frail. (-10% HP) [potion of
                  | mutation]
  4988 | D:5      | Gained mutation: You have large cloven feet. [potion of
                  | mutation]
  4988 | D:5      | Lost mutation: You are weak. (Str -2) [potion of mutation]
  4988 | D:5      | Gained mutation: You have an increased reservoir of magic.
                  | (+10% MP) [potion of mutation]
  5284 | D:6      | Reached skill level 8 in Unarmed Combat
  5380 | D:6      | Found a snail-covered altar of Cheibriados.
  5537 | D:6      | Reached *** piety under the Shining One
  5657 | D:6      | Reached skill level 1 in Throwing
  5975 | D:7      | Reached XP level 10. HP: 66/66 MP: 14/14
  6212 | D:7      | Reached skill level 9 in Unarmed Combat
  6884 | D:8      | Found an ornate altar of the Wu Jian Council.
  6906 | D:8      | Found Igug's Jewellery Emporium.
  7074 | D:8      | Found a basalt altar of Yredelemnul.
  7103 | D:8      | Found a runed translucent door.
  7143 | D:8      | Reached skill level 10 in Unarmed Combat
  7159 | D:8      | Reached skill level 5 in Fighting
  7209 | D:8      | Found a roughly hewn altar of Beogh.
  7413 | D:8      | Found a sacrificial altar of Ru.
  7615 | D:8      | Found a faded altar of an unknown god.
  7615 | D:8      | Found a shadowy altar of Dithmenos.
  7624 | D:8      | Found a faded altar of an unknown god.
  7627 | D:8      | Found a hide-covered altar of Uskayaw.
  7629 | D:8      | Found a sparkling altar of Nemelex Xobeh.
  7943 | D:9      | Reached XP level 11. HP: 46/74 MP: 15/15
  8197 | D:9      | Found a staircase to the Lair.
  8223 | D:9      | Reached **** piety under the Shining One
  8681 | D:9      | Got a bloodstained scale mail
  8853 | D:9      | Identified the +3 scale mail of the Distant Future {rElec
                  | Str+5} (You found it on level 9 of the Dungeon)
  9030 | D:9      | Reached skill level 5 in Invocations
  9109 | D:10     | Entered Level 10 of the Dungeon
  9143 | D:10     | Reached skill level 5 in Armour
  9143 | D:10     | Reached skill level 11 in Unarmed Combat
  9244 | D:10     | Noticed a two-headed ogre
  9254 | D:10     | Killed a two-headed ogre
  9306 | D:10     | Reached ***** piety under the Shining One
  9625 | D:10     | Reached XP level 12. HP: 70/81 MP: 17/17
  9626 | D:10     | Found a staircase to the Orcish Mines.
  9845 | D:10     | Noticed Grum
  9853 | D:10     | Killed Grum
 10185 | Orc:1    | Entered Level 1 of the Orcish Mines
 10185 | Orc:1    | Found a flagged portal.
 10296 | Bailey   | Entered a bailey
 10443 | Bailey   | Reached skill level 12 in Unarmed Combat
 10720 | Bailey   | Reached skill level 5 in Evocations
 11397 | Orc:2    | Entered Level 2 of the Orcish Mines
 11405 | Orc:2    | Reached XP level 13. HP: 77/87 MP: 16/19
 11516 | Orc:2    | Found a staircase to the Elven Halls.
 11667 | Orc:2    | Found a roughly hewn altar of Beogh.
 12289 | Orc:2    | Found Wymmutar's Book Emporium.
 12475 | Orc:2    | Reached skill level 13 in Unarmed Combat
 13015 | Orc:2    | Found Carycsex's Weapon Emporium.
 13019 | Orc:2    | Found Mod Vyesho's Antique Weapon Shop.
 13019 | Orc:2    | Found Buri's Gadget Shop.
 13071 | Orc:2    | Bought a wand of acid (4) for 208 gold pieces
 13071 | Orc:2    | Bought a wand of digging (4) for 208 gold pieces
 13222 | D:11     | Found a roughly hewn altar of Beogh.
 13398 | D:11     | Found a hide-covered altar of Uskayaw.
 13789 | D:12     | Noticed Kirke
 13843 | D:11     | Killed Kirke
 13843 | D:11     | Reached XP level 14. HP: 41/95 MP: 21/21
 14165 | D:12     | Noticed Nessos
 14172 | D:12     | Killed Nessos
 14191 | D:12     | Reached skill level 14 in Unarmed Combat
 15099 | D:13     | Found a gate to the Vaults.
 15143 | D:13     | Found Athrei Ulegoi's General Store.
 15440 | Lair:1   | Entered Level 1 of the Lair of Beasts
 16040 | Lair:2   | Found a runed translucent door.
 16040 | Lair:2   | Noticed Notta's ghost (novice PrSP)
 16069 | Lair:2   | Killed Notta's ghost
 16275 | Lair:2   | Found a staircase to the Shoals.
 16455 | Lair:2   | Reached skill level 10 in Shields
 16520 | Lair:2   | Reached skill level 5 in Dodging
 16909 | Shoals:1 | Entered Level 1 of the Shoals
 16925 | Lair:2   | Reached XP level 15. HP: 29/101 MP: 23/23
 17269 | Lair:3   | Reached skill level 15 in Unarmed Combat
 18234 | Lair:4   | Found a staircase to the Snake Pit.
 18397 | Lair:4   | Found a runed translucent gate.
 18398 | Lair:4   | Found a runed translucent gate.
 18401 | Lair:4   | Found a runed translucent gate.
 18402 | Lair:4   | Noticed JamPaladin's ghost (journeyman DrAn)
 18778 | Lair:4   | Killed JamPaladin's ghost
 18879 | Lair:4   | Got a sparkling lead amulet
 18882 | Lair:4   | Identified the amulet "Yteimyiw" {Reflect Str+2 SH+3} (You
                  | found it on level 4 of the Lair of Beasts)
 19209 | Lair:5   | Noticed Snorg
 19223 | Lair:5   | Killed Snorg
 19535 | Lair:5   | Found a staircase to the Slime Pits.
 19536 | Lair:5   | Found a viscous altar of Jiyva.
 19628 | Lair:5   | Noticed Vig Uhad's ghost (journeyman GrTm)
 19661 | Lair:5   | Found a runed translucent gate.
 19661 | Lair:5   | Found a runed translucent gate.
 19661 | Lair:5   | Found a runed translucent gate.
 19698 | Lair:5   | Killed Vig Uhad's ghost
 19745 | Lair:5   | Got the ring "Siluhiah" {Fire}
 20193 | Lair:6   | Entered Level 6 of the Lair of Beasts
 20355 | Lair:6   | Got a pitted emerald amulet
 20357 | Lair:6   | Identified the amulet of Xups {Faith rElec rN+ MP+9 Dex+3}
                  | (You found it on level 6 of the Lair of Beasts)
 20519 | Lair:6   | Reached XP level 16. HP: 105/109 MP: 25/25
 21385 | Lair:6   | Reached skill level 16 in Unarmed Combat
 23775 | Shoals:2 | Noticed Nikola
 23810 | Shoals:2 | Killed Nikola
 23995 | Shoals:3 | Found Nostrat's Magic Scroll Shop.
 24091 | Shoals:3 | Bought a scroll of fog for 30 gold pieces
 24091 | Shoals:3 | Bought a scroll of immolation for 52 gold pieces
 24091 | Shoals:3 | Bought a scroll of acquirement for 780 gold pieces
 24091 | Shoals:3 | Bought a scroll of teleportation for 45 gold pieces
 24769 | Shoals:3 | HP: 3/111 [merfolk javelineer/javelin (11)]
 24769 | Shoals:3 | Slain by a snapping turtle

Levels and vault maps discovered:
D:1:      giann_wishing_wells, layout_basic, serial_curves, eino_curves_04,
          eino_curves_02
D:2:      layout_loops_corners, kiku_gazebo_garden_becter, zin_treasury,
          kennysheep_potato
D:3:      lemuel_castle_with_subvaults [lemuel_castle_interior_carwin_1],
          layout_loops_ring, makhleb_altar_promises_db,
          chequers_ecumenical_altar_grove
D:4:      layout_gridville, led_sif_pool, lemuel_doored_altar, temple_doors_e,
          first_ration, serial_forest, infiniplex_forest_lined_corner,
          infiniplex_forest_clump_curved, infiniplex_forest_clump_curved,
          infiniplex_forest_straight_2, infiniplex_forest_lined_3_way,
          infiniplex_forest_clump_double, infiniplex_forest_corner_2,
          serial_bayou_lake_a, uniq_pikel, uniq_edmund
D:5:      layout_cave_pools, enter_ossuary_1
D:6:      layout_basic, basic_altar, grunt_decor_cap
D:7:      layout_gridville
D:8:      layout_basic, marbit_many_paths, old_standard_altar,
          kennysheep_mini_moat, chequers_temple_overflow_minitemple,
          serial_shops, shop, the_bakery, lightli_church_of_beogh
D:9:      layout_gridville, erik_lair_orcish_takeover, st_stairs_3
D:10:     layout_big_octagon, minmay_orc_entry_guard_dogs, serial_gnoll_camp,
          gnoll_camp_mini_hut, gnoll_camp_mini_hut, gnoll_camp_mini_basic,
          grums_kennel, gnoll_camp_mini_house, gnoll_camp_mini_basic,
          hangedman_minor_magic
D:11:     layout_roguey, special_room [special_room_orc], lemuel_statue_altar
D:12:     layout_roguey, kb_tengu_band, uniq_kirke, uniq_nessos
D:13:     layout_cave_pools, erik_vaults_1, serial_shops, shop,
          small_statue_intersection
Temple:   minmay_temple_curvy_loop
Lair:1:   layout_long_grid, guppyfry_lair_drakes
Lair:2:   layout_gridlike, minmay_shoals_entry_centaurs,
          hellmonk_ghost_happy_afterlife, hangedman_lair_generics_rect
Lair:3:   layout_loops_ring, serial_bayou_pond_b, serial_bayou_shore_b
Lair:4:   layout_hall_layers, guppyfry_snake_entry_island,
          gammafunk_ghost_hydra_chop, minmay_holes,
          chequers_serial_rivers_micro_e
Lair:5:   layout_layer_cave, slime_altar_1, gammafunk_ghost_icy, pond,
          serial_bayou_shore_a, uniq_snorg
Lair:6:   minmay_lair_end_enchanted_forest, layout_regular_city,
          minmay_hedge_maze
Shoals:1: layout_shoals
Shoals:2: layout_shoals, uniq_nikola
Shoals:3: layout_shoals, serial_shops, nicolae_shop_window_shopping,
          regret_index_shoals_crete
Orc:1:    layout_caves, enter_bailey_8
Orc:2:    st_orc_elflike, layout_diamond_mine, basic_altar

Skill      XL: |  1  2  3  4  5  6  7  8  9 10 11 12 13 14 15 16 |
---------------+-------------------------------------------------+-----
Fighting       | 3 4 5 6 7 8 9 |  9.0
Unarmed Combat | 3 4 5 6 8 10 11 12 13 14 15 16 | 16.5
Shields        | 4 5 6 7 8 9 10 11 12 | 12.3
Dodging        | 1 2 3 4 5 6 |  6.8
Invocations    | 1 2 3 4 5 6 7 8 9 |  9.9
Armour         | 4 5 6 7 8 |  8.9
Evocations     | 1 2 3 4 5 6 7 |  7.8
Throwing       | 1 2 4 |  4.7
Stealth        | |  0.4

Action                   |  1- 3 |  4- 6 |  7- 9 | 10-12 | 13-15 | 16-18 || total
-------------------------+-------+-------+-------+-------+-------+-------++-------
Melee: Unarmed           |    99 |   290 |   429 |   659 |  1023 |   445 ||  2945
       Kick              |       |       |    37 |   251 |   432 |   167 ||   887
Throw: Dart              |       |       |     3 |     3 |    41 |     7 ||    54
       Throwing net      |       |       |     3 |       |       |       ||     3
       Boomerang         |       |       |       |    34 |     2 |       ||    36
       Javelin           |       |       |       |     7 |    11 |       ||    18
Invok: Divine Shield     |       |       |       |    10 |    27 |    10 ||    47
       Cleansing Flame   |       |       |       |     1 |     3 |       ||     4
 Abil: Evoke Flight      |       |       |       |       |       |    23 ||    23
Evoke: Phial of floods   |       |       |     1 |       |     1 |       ||     2
       Wand              |       |       |       |    16 |    49 |    26 ||    91
  Use: Potion            |       |     3 |     3 |     7 |    10 |     6 ||    29
       Scroll            |       |     8 |     9 |     6 |    15 |     6 ||    44
  Eat: Chunk             |     1 |     4 |     2 |    15 |    21 |     3 ||    46
       Ration            |       |     1 |     2 |     2 |     4 |     5 ||    14
Armor: Scale mail        |     1 |       |       |       |       |       ||     1
       Plate armour      |    31 |   111 |   117 |   150 |   211 |    73 ||   693
Dodge: Dodged            |    11 |    52 |    53 |   104 |   216 |    89 ||   525
Block: Kite shield       |     5 |       |       |       |       |       ||     5
       Tower shield      |    46 |   235 |   299 |   711 |  1062 |   540 ||  2893
       Reflection        |       |       |     4 |    22 |    50 |    33 ||   109
